 Dungeon Crawl Stone Soup version 0.17.0 (webtiles) character file.

133 Eucla the Skirmisher (level 4, -3/41 HPs)
             Began as a Minotaur Fighter on Nov 10, 2015.
             Was an Initiate of Ru.
             Slain by Natasha (6 damage)
             ... on level 3 of the Dungeon.
             The game lasted 00:02:11 (1736 turns).

Eucla the Skirmisher (Minotaur Fighter)             Turns: 1736, Time: 00:02:11

Health: -3/41      AC: 10    Str: 21    XL:     4   Next: 94%
Magic:  3/3        EV: 14    Int:  5    God:    Ru [......]
Gold:   114        SH:  0    Dex: 15    Spells: 0 memorised, 3 levels left

rFire  . . .     SeeInvis .     a - +0 war axe
rCold  . . .     Clarity  .     c - +0 chain mail
rNeg   . . .     SustAt   .     (no shield)
rPois  .         Gourm    .     (helmet restricted)
rElec  .         Spirit   .     i - +0 cloak
rCorr  .         Warding  .     (no gloves)
rMut   .         Stasis   .     (no boots)
MR     .....                    (no amulet)
Stlth  ..........               (no ring)
                                (no ring)

@: agile, not resistant to hostile enchantments, extremely unstealthy
A: retaliatory headbutt, horns 2
a: Renounce Religion


You were on level 3 of the Dungeon.
You worshipped Ru.
Ru was noncommittal.
You were not hungry.

You visited 1 branch of the dungeon, and saw 3 of its levels.

You collected 114 gold pieces.

Inventory:

Hand Weapons
 a - a +0 war axe (weapon)
Armour
 c - a +0 chain mail (worn)
 i - a +0 cloak (worn)
Scrolls
 b - a scroll of blinking {unknown}
 f - 7 scrolls of identify {unknown}
 g - a scroll of random uselessness {unknown}
 m - 3 scrolls of teleportation {unknown}
 n - a scroll of immolation {unknown}
 q - a scroll of enchant weapon {unknown}
 s - 2 scrolls of remove curse {unknown}
 t - a scroll of recharging {unknown}
Potions
 d - 4 potions of might
 h - a potion of curing {unknown}
 j - a potion of haste {unknown}
 l - a potion of agility
 o - a potion of magic {unknown}
 p - a potion of invisibility {unknown}
Comestibles
 e - 4 bread rations
 k - a meat ration
 r - 3 chunks of flesh


   Skills:
 + Level 4.5 Fighting
 + Level 3.7 Axes
 + Level 4.5 Armour
 + Level 2.5 Dodging
   Level 3.6 Shields


You had 3 spell levels left.
You didn't know any spells.

Dungeon Overview and Level Annotations

Branches:
Dungeon (3/15)

Altars:
Ru

Annotations:
D:3 Natasha


Innate Abilities, Weirdness & Mutations

You reflexively headbutt those who attack you in melee.
You have a pair of horns on your head.


Message History

Natasha casts a spell at you. The magic dart hits you!
Your chain mail prevents you from hitting Natasha.
You headbutt Natasha, but do no damage. Natasha claws you.
* * * LOW HITPOINT WARNING * * *
You hit Natasha. Your headbutt misses Natasha.
Natasha is heavily wounded.
Natasha claws you.
* * * LOW HITPOINT WARNING * * *
Natasha claws you.
* * * LOW HITPOINT WARNING * * *
Unknown command.
You closely miss Natasha. Your headbutt misses Natasha.
Natasha is heavily wounded.
Natasha barely misses you.
Drink which item? (? for menu, Esc to quit)
It was a potion of agility.
You feel agile all of a sudden. Natasha claws you.
You die...

######### ### ........##
###.. #######..#####
##....
##......########..#..
####.....#..........##..
#.(....@.....#######....
##.....h...#............
###...†.###.######.....
##.....##.########...
###.................
###.######........
##########
#.....##..##....
#........#
#####.....###...
#........#
#######...#.## #...


You could see Natasha.

Vanquished Creatures
  Natasha (twice) (D:3)
  3 adders
  2 oozes
  2 worms (D:3)
  3 giant geckos
  A ball python (D:2)
  4 giant cockroaches
  7 goblins
  2 hobgoblins (D:1)
  6 jackals
  7 bats
  3 giant newts
  11 kobolds
  A quokka (D:2)
  7 rats
61 creatures vanquished.

Notes
Turn   | Place    | Note
--------------------------------------------------------------
     0 | D:1      | Eucla the Minotaur Fighter began the quest for the Orb.
     0 | D:1      | Reached XP level 1. HP: 19/19 MP: 0/0
   125 | D:1      | Reached XP level 2. HP: 6/27 MP: 1/1
   329 | D:1      | Reached skill level 4 in Armour
   532 | D:1      | Reached skill level 1 in Dodging
   538 | D:1      | Reached XP level 3. HP: 30/33 MP: 2/2
  1153 | D:2      | Reached XP level 4. HP: 40/40 MP: 3/3
  1535 | D:3      | Noticed Natasha
  1544 | D:3      | Killed Natasha
  1563 | D:3      | Found a sacrificial altar of Ru.
  1591 | D:3      | Became a worshipper of Ru the Awakened
  1718 | D:3      | Noticed Natasha
  1723 | D:3      | Killed Natasha
  1730 | D:3      | Noticed Natasha
  1734 | D:3      | HP: 2/41 [Natasha (5)]
  1736 | D:3      | Slain by Natasha

Action                   |  1- 3 |  4- 6 || total
-------------------------+-------+-------++-------
Melee: War axe           |    79 |    51 ||   130
  Use: Potion            |       |     1 ||     1
  Eat: Chunk             |       |     3 ||     3
